 Dungeon Crawl Stone Soup version 0.30.0-29-ga12c61a403 (webtiles) character file.

Game seed: 1370416507088586659

78125 Jannitor the Unseen (level 15, 0/81 HPs)
             Began as a Vine Stalker Delver on June 14, 2023.
             Was a Plaything of Xom.
             Succumbed to a naga ritualist's splash of poison
             ... on level 1 of the Snake Pit on June 15, 2023.
             The game lasted 00:44:56 (17837 turns).

Jannitor the Unseen (Vine Stalker Delver)          Turns: 17837, Time: 00:44:56

Health: 0/81       AC: 16    Str: 22    XL:     15   Next: 59%
Magic:  28/28      EV: 16    Int: 15    God:    Xom [..*...]
Gold:   1044       SH:  9    Dex: 18    Spells: 20/30 levels left

rFire   . . .        M - +8 quick blade (freeze)
rCold   + . .        K - +3 buckler {rC+}
rNeg    . . .        u - +0 swamp dragon scales
rPois   .            (no helmet)
rElec   .            b - scarf {shadows}
rCorr   .            H - +0 pair of gloves of Refuge {Int+2}
SInv    +            E - +2 pair of boots
Will    +....        Y - amulet of faith
Stlth   ++++++       R - ring of Kyihe {AC+4 Str+3}
HPRegen 1.13/turn    j - ring of see invisible
MPRegen 0.21/turn

%: guardian spirit, faith
@: lethally poisoned (0 -> -3), poison vulnerable, hasted, invisible, unable to
read, unable to drink, very quick
A: fangs 3, regeneration 1, magic shield, antimagic bite, no potion heal 2,
hooves 1, screaming 1, strong 1, evolution 1, inability to drink after injury 1,
inability to read after injury 1, MP-powered wands
a: Renounce Religion


You were on level 1 of the Snake Pit.
You worshipped Xom.
You were a toy of Xom.
You visited 5 branches of the dungeon, and saw 19 of its levels.
You also visited: Volcano.

You collected 3193 gold pieces.
You spent 2149 gold pieces at shops.

Inventory:

Hand Weapons
 M - a +8 quick blade of freezing (weapon)
Missiles
 t - 14 poisoned darts (quivered)
 P - 2 throwing nets
Armour
 b - a scarf of shadows (worn)
 p - quicksilver dragon scales
 u - +0 swamp dragon scales (worn)
 E - a +2 pair of boots (worn)
 H - the +0 pair of gloves of Refuge (worn) {Int+2}
   (You found it on level 6 of the Dungeon)

   Int:       It affects your intelligence (+2).
 K - a +3 buckler of cold resistance (worn)
Jewellery
 a - a +6 ring of intelligence
 j - a ring of see invisible (right hand)
 y - a +5 ring of evasion
 D - a +6 ring of intelligence
 J - a +4 ring of protection
 R - the ring of Kyihe (left hand) {AC+4 Str+3}
   (You found it on level 2 of the Lair of Beasts)

   [ring of protection]

   AC:        It affects your AC (+4).
   Str:       It affects your strength (+3).
 W - a ring of protection from cold
 Y - an amulet of faith (around neck)
Wands
 g - a wand of digging (1)
 h - a wand of flame (7)
 m - a wand of polymorph (8)
 n - a wand of roots (5)
 w - a wand of paralysis (5)
 O - a wand of mindburst (16)
Scrolls
 c - 3 scrolls of fog
 d - 3 scrolls of magic mapping
 f - 4 scrolls of fear
 i - 2 scrolls of butterflies
 l - 3 scrolls of teleportation
 r - 2 scrolls of brand weapon
 z - a scroll of blinking
 F - 2 scrolls of poison
 S - a scroll of silence
 V - 2 scrolls of identify
 X - a scroll of enchant armour
Potions
 k - 3 potions of mutation
 o - 4 potions of curing
 q - 4 potions of heal wounds
 x - 3 potions of flight
 B - 2 potions of brilliance
 C - 4 potions of attraction
 G - a potion of resistance
 I - a potion of haste
 L - a potion of lignification
 N - 2 potions of cancellation
 Q - a potion of ambrosia
 T - a potion of berserk rage {unknown}
 U - 2 potions of magic {unknown}
Miscellaneous
 A - a box of beasts


   Skills:
 + Level 10.6 Fighting
 + Level 10.4 Short Blades
 - Level 8.2 Throwing
 + Level 4.7 Armour
 + Level 9.5 Dodging
 + Level 15.2 Stealth
 + Level 7.7 Shields
 + Level 8.1 Spellcasting
 + Level 5.8 Hexes


You had 20 spell levels left.
You knew the following spells:

 Your Spells              Type           Power      Damage    Failure   Level
a - Lesser Beckoning      Tloc           12%        N/A       32%         2
b - Anguish               Hex/Necr       7%         N/A       54%         4
c - Cause Fear            Hex            11%        N/A       19%         4

Your spell library contained the following spells:

 Spells                   Type           Power      Damage    Failure   Level
 Gell's Gravitas          Tloc           6%         N/A       54%         3
 Hailstorm                Conj/Ice       6%         3d4       54%         3
 Ignite Poison            Fire/Tmut/Pois 6%         N/A       54%         3
 Ozocubu's Armour         Ice            6%         N/A       54%         3
 Teleport Other           Tloc           6%         N/A       54%         3
 Vhi's Electric Charge    Tloc/Air       12%        N/A       54%         3
 Metabolic Englaciation   Hex/Ice        7%         N/A       88%         5
 Ice Form                 Ice/Tmut       6%         N/A       91%         4
 Sticky Flame             Conj/Fire      6%         2d3       91%         4
 Arcjolt                  Conj/Air       3%         1d13      99%         5
 Blade Hands              Tmut           3%         N/A       99%         5
 Irradiate                Conj/Tmut      3%         3d12      99%         5
 Iskenderun's Battlesphe  Conj           6%         2d6       99%         5
 Dispersal                Tloc           3%         N/A       100%        6
 Iron Shot                Conj/Erth      3%         9d2       100%        6
 Plasma Beam              Fire/Air       3%         2x1d14    100%        6
 Simulacrum               Ice/Necr       3%         N/A       100%        6
 Dragon Form              Tmut           3%         N/A       100%        7
 Enfeeble                 Hex            11%        N/A       100%        7
 Spellforged Servitor     Conj/Summ      3%         N/A       100%        7
 Ignition                 Fire           3%         3d4       100%        8


Dungeon Overview and Level Annotations

Branches:
Dungeon (10/15)            Temple (1/1) D:4            Lair (5/5) D:10
  Swamp (0/4) Lair:3        Snake (1/4) Lair:3        Slime (0/5) Lair:5
    Orc (2/2) D:10            Elf (0/3) Orc:2       Volcano (visited)

Altars:
Ashenzari
Cheibriados
Dithmenos
Elyvilon
Fedhas
Gozag
Hepliaklqana
Kikubaaqudgha
Makhleb
Nemelex Xobeh
Okawaru
Qazlal
Ru
Sif Muna
Trog
Uskayaw
Vehumet
Wu Jian
Xom
Yredelemnul
Zin
The Shining One

Shops:
D:4 **=[[   D:7 *:![   Orc:1 :   Orc:2 ![[?(   Snake:1 *

Annotations:
D:6 4 runed translucent doors
D:8 exclusion: two-headed ogre
Lair:1 2 transporters
Lair:3 2 runed translucent doors, fungusakafungus's ghost, journeyman MiBe
Snake:1 Aizul
Orc:1 exclusion: door


Innate Abilities, Weirdness & Mutations

You have razor-sharp teeth.
Your natural rate of healing is unusually fast.
When hurt, damage is shared between your health and your magic reserves.
Your bite disrupts and absorbs the magic of your enemies.
Potions cannot restore your health.
You have large cloven feet.
You occasionally shout uncontrollably at your foes.
Your muscles are strong. (Str +4, Int/Dex -1)
You have hidden genetic potential.
You occasionally lose the ability to drink potions when taking damage.
You occasionally lose the ability to read scrolls when taking damage.
You expend magic power (3 MP) to strengthen your wands.


Message History

You bite the naga ritualist, but do no damage.
The naga ritualist is moderately wounded.
You hear an angry hiss. x2
You hit the naga ritualist but do no damage.
You bite the naga ritualist! You drain its power.
You feel invigorated.
The naga ritualist is heavily wounded.
The naga ritualist invokes the aid of its god against you.
You easily resist.
You barely miss the naga ritualist.
You bite the naga ritualist, but do no damage.
The naga ritualist is heavily wounded.
You barely miss the naga ritualist. You bite the naga ritualist.
You drain its power.
You feel invigorated.
The naga ritualist is severely wounded.
* * * LOW HITPOINT WARNING * * *
You are more poisoned.
Unknown command.
You hit the naga ritualist. You freeze the naga ritualist.
You bite the naga ritualist! You drain its power.
You feel invigorated.
The naga ritualist is almost dead.
* * * LOW HITPOINT WARNING * * *
You feel sick.
Unknown command.
You hit the naga ritualist but do no damage.
Your bite misses the naga ritualist.
The naga ritualist is almost dead.
The naga ritualist spits poison at you.
The splash of poison hits you but does no damage.
You are lethally poisoned!
Unknown command.
You hit the naga ritualist. You freeze the naga ritualist.
The naga ritualist is almost dead.
* * * LOW HITPOINT WARNING * * *
You feel sick.
Unknown command.
You hit the naga ritualist. You freeze the naga ritualist.
You kill the naga ritualist!
You swap places.
You die...
Xom guffaws!

### ###)#########
##
#NNS..N).....##.
##)###........N..
##Y##
#.N#####....
##@## .##N##
....N ##.## .#
##N##...#. #.##
.# ##S##..S. ###
.# #.#.....( ##
#........
##.>....$
##..:.#. N##.#.
## ##.


You could see a mana viper, 2 nagas and a friendly ice beast (summoned).

Vanquished Creatures
  Nikola (Snake:1)
  Jorgrun (Snake:1)
  A bunyip (Snake:1)
  A fire dragon (Lair:5)
  2 hydras (Lair:4)
  3 anacondas (Snake:1)
  Erica (D:10)
  A catoblepas (Lair:4)
  5 two-headed ogres
  A dancing weapon (Volcano)
  A naga warrior (Snake:1)
  2 boulder beetles
  6 death yaks
  A naga sharpshooter (Snake:1)
  A skyshark (Lair:4)
  2 naga ritualists (Snake:1)
  A deep troll (Orc:1)
  3 bog bodies (Lair:3)
  5 wizards (Volcano)
  2 cyclopes
  5 toenail golems (Volcano)
  9 black mambas
  A naga mage (Snake:1)
  15 elephants
  A gargoyle (D:10)
  13 cane toads
  2 torpor snails (Lair:5)
  11 rime drakes
  Maggie (D:7)
  Joseph (D:9)
  4 komodo dragons
  An unseen horror (D:9)
  6 trolls
  2 polar bears
  A hornet (D:10)
  17 blink frogs
  17 dream sheep
  2 slime creatures (Lair:5)
  A wraith (D:10)
  34 yaks
  3 wyverns
  A vampire (D:10)
  10 steam dragons (Lair:5)
  3 basilisks
  A spectral cane toad (Lair:5)
  2 swamp worms (Lair:3)
  8 water moccasins
  A swamp worm (shapeshifter) (Lair:5)
  5 nagas
  A black bear (Lair:4)
  2 ice beasts (D:7)
  4 sky beasts
  12 orc warriors
  An elephant zombie (Lair:5)
  14 ogres
  11 wolves
  4 lemures (D:9)
  An elephant skeleton (Lair:5)
  3 centaurs
  A phantom (D:5)
  4 kobold brigands
  11 bullfrogs
  6 scorpions
  4 gnoll sergeants
  3 wights (D:9)
  6 howler monkeys
  2 electric eels
  9 hounds
  4 jellies
  9 orc priests
  2 gnoll boudas
  A sleepcap (D:5)
  4 iguanas
  21 orc wizards
  24 gnolls
  9 adders
  4 white imps
  2 worms (D:2)
  4 dart slugs
  80 orcs
  3 bats
  5 endoplasms
  5 giant cockroaches
  10 goblins
  12 hobgoblins
  3 quokkas (D:1)
  4 ball pythons
  2 frilled lizards (D:1)
  9 kobolds
  9 rats
544 creatures vanquished.

Vanquished Creatures (collateral kills)
  An ettin (Orc:2)
  2 ogre magi (Orc:2)
  4 two-headed ogres (Orc:2)
  3 death yaks (Lair:2)
  A deep troll (Orc:2)
  A cyclops (Orc:2)
  An elephant (Lair:2)
  4 trolls (Orc:2)
  A slime creature (Lair:5)
  4 yaks (Lair:1)
  A steam dragon (Lair:2)
  2 orc warriors (D:10)
  5 ogres (Orc:2)
  A wolf (Lair:1)
  An orc priest (D:10)
  An orc wizard (D:10)
  2 gnolls (D:10)
  7 orcs (D:10)
42 creatures vanquished.

Vanquished Creatures (others)
  A cane toad (Lair:4)
  2 blink frogs (Lair:2)
  A wyvern (D:9)
  A centaur (D:6)
  2 bullfrogs
7 creatures vanquished.

Grand Total: 593 creatures vanquished

Notes
Turn   | Place    | Note
-------+----------+-------------------------------------------
     0 | D:5      | Jannitor the Vine Stalker Delver began the quest for the
                  | Orb.
     0 | D:5      | Reached XP level 1. HP: 11/11 MP: 2/2
    34 | D:5      | Noticed a sleepcap
    66 | D:5      | Noticed a jelly
   145 | D:5      | Noticed a hound
   212 | D:5      | Noticed a hound
   215 | D:5      | Killed a hound
   216 | D:5      | Reached XP level 2. HP: 16/16 MP: 3/3
   216 | D:5      | Reached XP level 3. HP: 20/20 MP: 4/4
   227 | D:4      | Found Qumn's Assorted Antiques.
   407 | D:4      | Found Litakker's Antique Armour Emporium.
   566 | D:3      | Gained mutation: Your natural rate of healing is unusually
                  | fast. [Vine Stalker growth]
   566 | D:3      | Reached XP level 4. HP: 24/24 MP: 5/5
   731 | D:3      | Noticed a kobold brigand
   767 | D:3      | Killed a kobold brigand
   768 | D:3      | Reached XP level 5. HP: 11/28 MP: 2/6
   897 | D:3      | Reached skill level 7 in Stealth
   897 | D:3      | Reached XP level 6. HP: 33/33 MP: 7/7
  2650 | D:3      | Reached skill level 1 in Throwing
  2650 | D:3      | Reached XP level 7. HP: 25/37 MP: 6/8
  3000 | D:4      | Found Nahask's Jewellery Boutique.
  3029 | D:4      | Identified the +0 leather armour of the Chupacabra {rN++}
  3086 | D:4      | Found Eriwath's Armour Shop.
  3101 | D:4      | Bought a scarf of shadows for 144 gold pieces
  3573 | D:4      | Found a staircase to the Ecumenical Temple.
  3758 | Temple   | Entered the Ecumenical Temple
  3802 | Temple   | Became a worshipper of Xom of Chaos
  3906 | D:4      | Found Ezacza's Assorted Antiques.
  3918 | D:4      | XOM: potion effect (invisibility)
  3944 | D:4      | Bought a scroll labelled MUCILE AXTOVEU for 26 gold pieces
  3944 | D:4      | Bought a large peridot ring for 130 gold pieces
  4053 | D:4      | Reached skill level 8 in Stealth
  4418 | D:5      | Gained mutation: You have razor-sharp teeth. [Vine Stalker
                  | growth]
  4418 | D:5      | Reached XP level 8. HP: 42/42 MP: 9/9
  4809 | D:5      | XOM: scenery: create altars
  4887 | D:5      | XOM: stat loss: -1 Str (13/14)
  5083 | D:6      | Found a broken altar of Ashenzari.
  5113 | D:6      | Found a large runed translucent door.
  5113 | D:6      | Found a large runed translucent door.
  5115 | D:6      | Noticed a yak
  5121 | D:6      | Found a large runed translucent door.
  5121 | D:6      | Found a large runed translucent door.
  5164 | D:6      | Reached skill level 5 in Fighting
  5173 | D:6      | XOM: scenery: summon butterflies
  5280 | D:6      | Found a sacrificial altar of Ru.
  5415 | D:6      | Reached skill level 9 in Stealth
  5467 | D:6      | Reached skill level 5 in Short Blades
  5470 | D:6      | XOM: divine lightning
  5471 | D:6      | Reached XP level 9. HP: 43/47 MP: 10/10
  5522 | D:6      | Identified the +0 pair of gloves of Refuge {Int+2}
  5767 | D:6      | XOM: god gift: glowing mace {god gift}
  5818 | D:6      | XOM: divination: detect creatures
  5897 | D:7      | Found a white marble altar of Elyvilon.
  5918 | D:7      | Found Ushrye Ycue's Assorted Antiques.
  5924 | D:7      | Found Suowko's Book Shop.
  5926 | D:7      | Found Daud's Armour Shop.
  5926 | D:7      | Found Dagg's Distillery.
  5972 | D:7      | Bought a scroll labelled QUDIPO TESITT for 30 gold pieces
  5972 | D:7      | Bought a puce potion for 27 gold pieces
  5977 | D:7      | Acquired 1131 gold pieces
  6105 | D:4      | XOM is BORED!
  6116 | D:4      | Bought +2 steam dragon scales for 624 gold pieces
  6227 | D:6      | Reached skill level 5 in Dodging
  6249 | D:7      | XOM: swap monsters
  6275 | D:7      | Noticed Maggie
  6281 | D:7      | Killed Maggie
  6282 | D:7      | Reached skill level 10 in Stealth
  6399 | D:7      | XOM: confusion
  6412 | D:7      | Reached XP level 10. HP: 53/53 MP: 9/11
  6787 | D:7      | Found a glowing golden altar of the Shining One.
  6803 | D:7      | Reached skill level 5 in Throwing
  6819 | D:7      | Bought a potion of might for 52 gold pieces
  6819 | D:7      | Bought a potion of lignification for 39 gold pieces
  6819 | D:7      | Bought a potion of invisibility for 104 gold pieces
  6819 | D:7      | Bought a potion of cancellation for 104 gold pieces
  6819 | D:7      | Bought a potion of attraction for 39 gold pieces
  6819 | D:7      | Bought a potion of degeneration for 13 gold pieces
  6884 | D:7      | Found a faded altar of an unknown god.
  6886 | D:7      | Found an iron altar of Okawaru.
  6888 | D:7      | Found an ancient bone altar of Kikubaaqudgha.
  6891 | D:7      | Found a faded altar of an unknown god.
  7298 | D:8      | Noticed a two-headed ogre
  7493 | D:8      | XOM: enchant monster (bad)
  7499 | D:8      | XOM: noise
  7509 | D:8      | XOM: polymorph yak -> rime drake
  7592 | D:8      | XOM: confusion
  7784 | D:9      | Noticed Joseph
  7793 | D:9      | Gained mutation: Your body sometimes deteriorates upon
                  | taking damage. [potion of mutation]
  7793 | D:9      | Gained mutation: Armour fits poorly on your strangely
                  | shaped body. [potion of mutation]
  7793 | D:9      | Gained mutation: You are clumsy. (Dex -2) [potion of
                  | mutation]
  7794 | D:9      | Lost mutation: You are clumsy. (Dex -2) [potion of
                  | mutation]
  7794 | D:9      | Lost mutation: Armour fits poorly on your strangely shaped
                  | body. [potion of mutation]
  7794 | D:9      | Gained mutation: You are resistant to electric shocks.
                  | (rElec) [potion of mutation]
  7794 | D:9      | Gained mutation: Armour fits poorly on your strangely
                  | shaped body. [potion of mutation]
  7794 | D:9      | Gained mutation: You occasionally lose the ability to read
                  | scrolls when taking damage. [potion of mutation]
  7794 | D:9      | Gained mutation: You possess an exceptional clarity of
                  | mind. [potion of mutation]
  7801 | D:9      | Killed Joseph
  7847 | D:9      | Noticed Maurice
  7852 | D:9      | Maurice changed into Maurice the naga
  7852 | D:9      | Noticed Maurice
  7862 | D:9      | Killed Maurice the naga
  7916 | D:9      | Noticed Pikel
  7929 | D:9      | XOM: enchant monster (good)
  7936 | D:9      | XOM: cast spell 'Disjunction'
  7940 | D:9      | XOM: potion effect (attraction)
  7966 | D:9      | XOM: scenery: 1 doors close
  7968 | D:9      | XOM: noise
  7990 | D:9      | Pikel changed into Pikel the unseen horror
  7990 | D:9      | Noticed Pikel
  7990 | D:9      | XOM: polymorph Pikel -> Pikel the unseen horror
  8022 | D:9      | XOM: summons friendly shadow imp
  8026 | D:9      | XOM: enchant monster (bad)
  8033 | D:9      | Killed Pikel the unseen horror
  8034 | D:9      | Reached skill level 11 in Stealth
  8059 | D:9      | XOM: divine lightning
  8197 | D:9      | XOM: chaos upgrade
  8216 | D:9      | Noticed a cyclops
  8227 | D:9      | XOM: enchant monster (bad)
  8228 | D:9      | XOM: enchant monster (good)
  8229 | D:9      | Killed a cyclops
  8292 | D:9      | Noticed a two-headed ogre
  8295 | D:9      | Noticed Grum
  8298 | D:9      | Killed a two-headed ogre
  8299 | D:9      | Reached skill level 1 in Shields
  8311 | D:9      | XOM: divination: detect creatures
  8320 | D:9      | Reached XP level 11. HP: 47/58 MP: 12/12
  8321 | D:9      | Grum changed into Grum the naga
  8321 | D:9      | Noticed Grum
  8321 | D:9      | XOM: polymorph Grum -> Grum the naga
  8334 | D:9      | XOM: swap monsters
  8338 | D:9      | Killed Grum the naga
  8577 | D:9      | XOM: give mutation
  8736 | D:9      | Learned a level 2 spell: Lesser Beckoning
  8752 | D:10     | Entered Level 10 of the Dungeon
  8791 | D:10     | XOM: summons 2 hostile demons
  9044 | D:10     | Reached skill level 1 in Spellcasting
  9071 | D:10     | Noticed Erica
  9075 | D:10     | Killed Erica
  9097 | D:10     | XOM: give mutations
  9097 | D:10     | Gained mutation: Your flesh is heat resistant. (rF+) [Xom's
                  | mischief]
  9097 | D:10     | Lost mutation: Armour fits poorly on your strangely shaped
                  | body. [Xom's mischief]
  9201 | D:10     | XOM: 5-stop teleportation journey
  9243 | D:10     | Found a staircase to the Lair.
  9517 | D:10     | XOM: silly message
  9539 | D:10     | XOM: noise
  9805 | D:10     | XOM: give mutations
  9805 | D:10     | Lost mutation: Your flesh is heat resistant. (rF+) [Xom's
                  | mischief]
  9805 | D:10     | Gained mutation: You expend magic power (3 MP) to
                  | strengthen your wands. [Xom's mischief]
  9805 | D:10     | Gained mutation: You have hidden genetic defects. [Xom's
                  | mischief]
  9805 | D:10     | Gained mutation: Your movements are slightly less
                  | encumbered by armour. (ER -2) [Xom's mischief]
  9836 | D:10     | Found a staircase to the Orcish Mines.
  9961 | D:10     | XOM: cloud trail
 10061 | Lair:1   | Entered Level 1 of the Lair of Beasts
 10061 | Lair:1   | Found a transporter.
 10096 | Lair:1   | Found a transporter.
 10101 | Lair:1   | XOM is BORED!
 10101 | Lair:1   | XOM: give mutations
 10101 | Lair:1   | Lost mutation: Your movements are slightly less encumbered
                  | by armour. (ER -2) [Xom's mischief]
 10101 | Lair:1   | Gained mutation: You are clumsy. (Dex -2) [Xom's mischief]
 10101 | Lair:1   | Gained mutation: You have terrible hidden genetic defects.
                  | [Xom's mischief]
 10111 | Lair:1   | Lost mutation: You are clumsy. (Dex -2) [potion of
                  | mutation]
 10111 | Lair:1   | Lost mutation: You possess an exceptional clarity of mind.
                  | [potion of mutation]
 10111 | Lair:1   | Lost mutation: Your body sometimes deteriorates upon taking
                  | damage. [potion of mutation]
 10111 | Lair:1   | Gained mutation: You occasionally shout uncontrollably at
                  | your foes. [potion of mutation]
 10111 | Lair:1   | Gained mutation: You are partially covered in iridescent
                  | scales. (AC +2) [potion of mutation]
 10112 | Lair:1   | Lost mutation: You have terrible hidden genetic defects.
                  | [potion of mutation]
 10112 | Lair:1   | Lost mutation: You expend magic power (3 MP) to strengthen
                  | your wands. [potion of mutation]
 10153 | Lair:1   | Noticed a boulder beetle
 10211 | Lair:1   | XOM: god gift: 2 javelins
 10251 | Lair:1   | Reached skill level 12 in Stealth
 10265 | Lair:1   | XOM: give mutation
 10265 | Lair:1   | Gained mutation: You expend magic power (3 MP) to
                  | strengthen your wands. [Xom's grace]
 10333 | Lair:1   | XOM: confuse monster(s)
 10421 | Lair:1   | XOM: cleaving
 10489 | Lair:1   | Gained mutation: You sometimes lose the ability to read
                  | scrolls when taking damage. [hidden defects]
 10621 | Lair:1   | XOM: cleaving
 10626 | Lair:1   | XOM: fake destruction
 10629 | Lair:1   | XOM: cast spell 'Death Channel'
 10653 | Lair:1   | Reached XP level 12. HP: 62/64 MP: 17/17
 10653 | Lair:1   | Gained mutation: You occasionally lose the ability to drink
                  | potions when taking damage. [hidden defects]
 10653 | Lair:1   | Lost mutation: You have hidden genetic defects. [hidden
                  | defects expressed]
 10767 | Lair:1   | Killed a boulder beetle
 11034 | Lair:2   | Acquired a +1 quick blade of venom
 11066 | Lair:2   | Noticed a death yak
 11073 | Lair:2   | XOM: cast spell 'Alistair's Intoxication'
 11073 | Lair:2   | Noticed a death yak
 11076 | Lair:2   | Noticed a boulder beetle
 11076 | Lair:2   | Noticed a death yak
 11079 | Lair:2   | Noticed a death yak
 11081 | Lair:2   | Noticed a death yak
 11089 | Lair:2   | Noticed a death yak
 11090 | Lair:2   | XOM: enchant monster (good)
 11163 | Lair:1   | Killed a death yak
 11194 | Lair:1   | XOM: repel stairs
 11198 | Lair:1   | XOM: chaos cloud
 11208 | Lair:1   | Killed a death yak
 11321 | Lair:2   | Found a dark tunnel.
 11334 | Volcano  | Entered a volcano
 11651 | Volcano  | XOM: enchant monster (bad)
 11657 | Volcano  | XOM: confuse monster(s)
 11670 | Volcano  | XOM: summons 2 friendly demons
 11680 | Volcano  | Reached skill level 13 in Stealth
 11776 | Lair:2   | XOM: enchant monster (good)
 11785 | Lair:2   | XOM: cast spell 'Metabolic Englaciation'
 11790 | Lair:2   | XOM: enchant monster (good)
 11801 | Lair:2   | XOM: divination: magic mapping
 11810 | Lair:2   | XOM: divination: detect items
 11818 | Lair:2   | XOM: confusion (+ monsters)
 11820 | Lair:2   | XOM: scenery: create altars
 11837 | Lair:2   | XOM: smoke on damage
 11845 | Lair:2   | XOM: summons 12 friendly demons
 11857 | Lair:2   | Reached skill level 5 in Shields
 11930 | Lair:2   | Identified the ring of Kyihe {AC+4 Str+3}
 11971 | Lair:2   | XOM: summons 12 friendly demons
 11978 | Lair:2   | Killed a death yak
 11979 | Lair:2   | Reached XP level 13. HP: 70/70 MP: 21/21
 11988 | Lair:2   | Reached skill level 5 in Spellcasting
 12060 | Lair:2   | XOM: divine lightning
 12068 | Lair:2   | XOM: summons friendly iron imp
 12296 | Lair:2   | XOM: stat loss: -1 Str (14/15)
 12302 | Lair:2   | Learned a level 4 spell: Anguish
 12307 | Lair:2   | Learned a level 4 spell: Cause Fear
 12679 | Lair:3   | Found a staircase to the Snake Pit.
 12712 | Lair:3   | XOM: cast spell 'Leda's Liquefaction'
 12714 | Lair:3   | XOM: 1-stop teleportation journey
 12738 | Lair:3   | XOM: cast spell 'Statue Form'
 12744 | Lair:3   | XOM: enchant monster (good)
 12772 | Lair:3   | Reached skill level 1 in Hexes
 12792 | Lair:3   | Reached skill level 1 in Armour
 12928 | Lair:3   | XOM: scenery: summon butterflies
 12932 | Lair:3   | XOM: cleaving
 12935 | Lair:3   | XOM: enchant monster (good)
 13287 | Lair:3   | Found a large runed translucent door.
 13287 | Lair:3   | Found a large runed translucent door.
 13289 | Lair:3   | Noticed fungusakafungus's ghost (journeyman MiBe)
 13356 | Lair:3   | XOM: confuse monster(s)
 13359 | Lair:3   | XOM: potion effect (magic)
 13409 | Lair:3   | Found a staircase to the Swamp.
 13620 | Lair:4   | XOM: divine lightning
 13625 | Lair:4   | XOM: polymorph cane toad -> rime drake
 13626 | Lair:4   | XOM: snakes to sticks
 13655 | Lair:4   | XOM: summons friendly shadow imp
 13674 | Lair:4   | XOM: chaos cloud
 13691 | Lair:4   | XOM: confusion
 13715 | Lair:4   | XOM: summons 1 hostile demon
 13796 | Lair:4   | XOM: swap monsters
 13804 | Lair:4   | XOM: 1-stop teleportation journey
 13865 | Lair:4   | XOM: confusion
 13866 | Lair:4   | XOM: chaos cloud
 13871 | Lair:4   | Reached skill level 14 in Stealth
 13877 | Lair:4   | XOM: chaos cloud
 13886 | Lair:4   | Reached XP level 14. HP: 67/75 MP: 24/24
 13891 | Lair:4   | XOM: silly message
 14005 | Lair:4   | XOM: 2-stop teleportation journey
 14075 | Lair:4   | XOM: 1-stop teleportation journey
 14092 | Lair:4   | XOM: confuse monster(s)
 14116 | Lair:4   | XOM: enchant monster (bad)
 14193 | Lair:4   | XOM: give mutation
 14193 | Lair:4   | Gained mutation: Your muscles are strong. (Str +4, Int/Dex
                  | -1) [Xom's mischief]
 14227 | Lair:4   | XOM: divination: detect creatures
 14248 | Lair:4   | XOM: destruction
 14262 | Lair:4   | XOM: summons friendly quasit
 14272 | Lair:4   | XOM: enchant monster (bad)
 14273 | Lair:4   | XOM: cast spell 'Disjunction'
 14643 | Lair:4   | XOM: divination: detect items
 14692 | Lair:5   | Entered Level 5 of the Lair of Beasts
 14741 | Lair:5   | XOM: give mutations
 14741 | Lair:5   | Lost mutation: You are partially covered in iridescent
                  | scales. (AC +2) [Xom's mischief]
 14741 | Lair:5   | Lost mutation: You sometimes lose the ability to read
                  | scrolls when taking damage. [Xom's mischief]
 14741 | Lair:5   | Lost mutation: You expend magic power (3 MP) to strengthen
                  | your wands. [Xom's mischief]
 14741 | Lair:5   | Gained mutation: You have hidden genetic potential. [Xom's
                  | mischief]
 14794 | Lair:5   | XOM: cast spell 'Call Canine Familiar'
 14799 | Lair:5   | XOM: confuse monster(s)
 14883 | Lair:5   | XOM: potion effect (invisibility)
 14901 | Lair:5   | XOM: silly message
 14915 | Lair:5   | XOM: silly message
 14959 | Lair:5   | XOM: silly message
 15013 | Lair:5   | XOM: silly message
 15039 | Lair:5   | XOM: god gift: scroll of teleportation
 15077 | Lair:5   | XOM: draining
 15094 | Lair:5   | XOM: summons 14 friendly demons
 15126 | Lair:5   | Found a staircase to the Slime Pits.
 15192 | Lair:5   | XOM: 6-stop teleportation journey
 15208 | Lair:5   | XOM: polymorph steam dragon -> glowing shapeshifter
 15210 | Lair:5   | XOM: cast spell 'Metabolic Englaciation'
 15214 | Lair:5   | XOM: confuse monster(s)
 15215 | Lair:5   | XOM: confuse monster(s)
 15221 | Lair:5   | Reached skill level 10 in Fighting
 15262 | Lair:5   | XOM: scenery: summon butterflies
 15275 | Lair:5   | XOM: cleaving
 15277 | Lair:5   | XOM: blink monster(s)
 15279 | Lair:5   | XOM: polymorph butterfly -> quokka
 15317 | Lair:5   | XOM: 4-stop teleportation journey
 15356 | Lair:5   | Noticed a dire elephant
 15377 | Lair:5   | Noticed a dire elephant
 15380 | Lair:5   | a dire elephant changed into a green draconian
 15380 | Lair:5   | Noticed a green draconian
 15380 | Lair:5   | XOM: polymorph dire elephant -> green draconian
 15687 | Orc:1    | Entered Level 1 of the Orcish Mines
 15701 | Orc:1    | XOM: enchant monster (bad)
 15806 | Orc:1    | Found Wushracust's Book Shop.
 15860 | Orc:1    | XOM: give mutations
 15860 | Orc:1    | Gained mutation: You have large cloven feet. [Xom's
                  | mischief]
 15860 | Orc:1    | Lost mutation: You are resistant to electric shocks.
                  | (rElec) [Xom's mischief]
 15922 | Orc:1    | Found a shimmering blue altar of Sif Muna.
 15969 | Orc:2    | Entered Level 2 of the Orcish Mines
 16036 | Orc:2    | Reached skill level 10 in Short Blades
 16115 | Orc:2    | XOM: god gift: scroll labelled PEFAOHUHOM {god gift}
 16234 | Orc:1    | XOM: cloud trail
 16282 | Orc:2    | Found Riatyrph's Antique Weapon Shoppe.
 16593 | Orc:2    | Found a staircase to the Elven Halls.
 16632 | Orc:2    | XOM: cast spell 'Monstrous Menagerie'
 16633 | Orc:2    | XOM: chaos upgrade
 16658 | Orc:2    | XOM: summons friendly ufetubus
 16678 | Orc:2    | XOM: noise
 16689 | Orc:2    | XOM: divination: detect items
 16690 | Orc:1    | XOM: blink monster(s)
 16698 | Orc:1    | XOM: blink monster(s)
 16712 | Orc:1    | XOM: summons friendly crimson imp
 16721 | Orc:1    | XOM: potion effect (berserk rage)
 16734 | Orc:1    | Reached skill level 5 in Hexes
 16912 | Orc:1    | XOM: summons 3 friendly demons
 16917 | Orc:1    | Reached XP level 15. HP: 80/80 MP: 25/27
 16957 | Orc:2    | XOM: stat loss: -1 Str (21/22)
 16966 | Orc:2    | XOM: scenery: summon butterflies
 16978 | Orc:2    | XOM: cast spell 'Call Canine Familiar'
 16999 | Orc:2    | Gained mutation: You expend magic power (3 MP) to
                  | strengthen your wands. [hidden potential]
 17030 | Orc:2    | Reached skill level 15 in Stealth
 17046 | Orc:2    | Found Caanaut's Distillery.
 17050 | Orc:2    | Found Hafut's Armour Boutique.
 17075 | Orc:2    | Found Jaonugh's Antique Armour Shoppe.
 17102 | Orc:2    | Found Ynuhoc's Magic Scroll Shop.
 17110 | Orc:2    | Bought a scroll of enchant weapon for 97 gold pieces
 17262 | Orc:2    | XOM: scenery: summon butterflies
 17284 | Orc:2    | Bought quicksilver dragon scales for 720 gold pieces
 17512 | Snake:1  | Entered Level 1 of the Snake Pit
 17512 | Snake:1  | Noticed Nikola
 17526 | Snake:1  | XOM: destruction
 17529 | Snake:1  | XOM: summons friendly shadow imp
 17534 | Snake:1  | XOM: snakes to sticks
 17553 | Snake:1  | XOM: enchant monster (good)
 17555 | Snake:1  | Killed Nikola
 17563 | Snake:1  | XOM: summons friendly white imp
 17603 | Snake:1  | Noticed Aizul
 17603 | Snake:1  | XOM: 8-stop teleportation journey
 17607 | Snake:1  | Found Saefisk's Assorted Antiques.
 17609 | Snake:1  | XOM: 1-stop teleportation journey
 17616 | Snake:1  | XOM: snakes to sticks
 17624 | Snake:1  | XOM: cast spell 'Cause Fear'
 17632 | Snake:1  | XOM: polymorph anaconda -> bunyip
 17635 | Snake:1  | XOM: cleaving
 17641 | Snake:1  | XOM: confusion (+ monsters)
 17648 | Snake:1  | XOM: noise
 17663 | Snake:1  | XOM: noise
 17670 | Snake:1  | XOM: enchant monster (good)
 17752 | Snake:1  | XOM: noise
 17754 | Snake:1  | XOM: noise
 17777 | Snake:1  | Noticed Jorgrun
 17777 | Snake:1  | XOM: enchant monster (good)
 17794 | Snake:1  | Killed Jorgrun
 17808 | Snake:1  | XOM: enchant monster (bad)
 17823 | Snake:1  | XOM: enchant monster (bad)
 17825 | Snake:1  | XOM: cast spell 'Summon Ice Beast'
 17827 | Snake:1  | HP: 3/81 [naga ritualist/+0 glaive (8)]
 17832 | Snake:1  | HP: 2/81 [naga ritualist/Olgreb's Toxic Radiance (1)]
 17837 | Snake:1  | Succumbed to a naga ritualist's splash of poison

Illustrated notes

Levels and vault maps discovered:
D:1:      dpeg_arrival_radiant, layout_loops_corners
D:2:      layout_loops_ring
D:3:      cheibrodos_thug_alley, layout_loops_ring
D:4:      layout_loops_ring, temple_hall, serial_shops, shop, shop_statue, shop,
          nicolae_shop_gaudy_bauble, nicolae_take_the_stairs, serial_aquarium,
          aquarium_bridge_square [aquarium_subvault_bridge,
          aquarium_subvault_bridge, aquarium_subvault_bridge,
          aquarium_subvault_wall], aquarium_window_double, aquarium_window_fake,
          aquarium_view_2c
D:5:      layout_loops_ring, nicolae_sextant, corner_web_ring
D:6:      layout_rooms, nicolae_ru_the_path_less_chosen, ashenzari_altar_1,
          minmay_hollow_rounded_squares
D:7:      minmay_evil_eye, layout_cave_pods,
          chequers_temple_overflow_minitemple, tso_oasis_becter,
          ebering_dispersal_statue_hall, minivault_25, nicolae_wooded_promenade,
          uniq_maggie
D:8:      layout_layer_cave
D:9:      layout_roguey [special_room_orc], uniq_grum, uniq_maurice, uniq_pikel,
          uniq_joseph
D:10:     layout_layer_cave, lair_entry_dummy, david_orc_4, serial_glass,
          glass_columns_c, glass_columns_a, hangedman_decor_push, uniq_erica
Temple:   lightli_temple_of_artemis
Lair:1:   gammafunk_worm_tunnel, layout_regular_city,
          chequers_serial_rivers_large_b, grunt_megastairs_5,
          serial_bayou_shore_b
Lair:2:   layout_long_grid, enter_volcano_1, columned_hall_lemuel,
          lemuel_fruit_fields
Lair:3:   layout_misc_corridors, nicolae_swamp_entry_splash_gauntlet,
          dummy_snake_entry, ebering_ghost_disaster_area
Lair:4:   layout_cave_pods, grunt_megastairs_2
Lair:5:   due_jungle_book, layout_regular_city, minmay_slime_entry_pillars,
          bobbens_dragon_lair_wall
Snake:1:  layout_onion_interference, gammafunk_ghost_necromancy, serial_shops,
          nicolae_shop_behind_doors, grunt_megastairs_4, uniq_nikola,
          uniq_aizul, uniq_frances, uniq_jorgrun
Orc:1:    layout_caves, serial_shops, shop_statue, led_sif_book
Orc:2:    st_orc_open, layout_caves, serial_shops, nicolae_shop_peninsula

Skill      XL: |  1  2  3  4  5  6  7  8  9 10 11 12 13 14 15 |
---------------+----------------------------------------------+-----
Fighting       | 3 4 5 6 7 8 9 10 | 10.6
Short Blades   | 2 3 4 5 6 7 8 9 10 | 10.4
Dodging        | 2 3 4 5 6 7 8 9 |  9.5
Stealth        | 7 8 9 10 11 12 13 14 15 | 15.2
Throwing       | 1 2 3 4 6 7 8 |  8.2
Shields        | 1 3 5 6 7 |  7.7
Spellcasting   | 3 4 6 7 8 |  8.1
Hexes          | 2 5 |  5.8
Armour         | 2 4 |  4.7

Action                     |  1- 3 |  4- 6 |  7- 9 | 10-12 | 13-15 || total
---------------------------+-------+-------+-------+-------+-------++-------
  Melee: Short sword       |    24 |    55 |       |       |       ||    79
         Bite              |     7 |    39 |    79 |   373 |   569 ||  1067
         Punch             |       |     3 |     4 |     7 |       ||    14
         Dagger            |       |    98 |   282 |   639 |       ||  1019
         Quick blade       |       |       |       |   236 |  1244 ||  1480
  Throw: Dart              |       |     2 |       |     2 |     2 ||     6
         Javelin           |       |       |       |       |     8 ||     8
  Evoke: Wand              |       |       |       |     5 |     4 ||     9
    Use: Potion            |       |     3 |       |     6 |     7 ||    16
         Scroll            |       |     6 |     9 |    17 |     8 ||    40
   Stab: Sleeping          |     5 |    28 |    29 |    24 |    13 ||    99
         Invisible         |       |       |     3 |     2 |    22 ||    27
         Distracted        |       |       |     1 |       |     5 ||     6
         Confused          |       |       |     1 |       |    13 ||    14
         Paralysed         |       |       |       |     2 |     2 ||     4
 Armour: Leather armour    |     2 |    13 |    38 |       |       ||    53
         Robe              |       |     4 |       |     5 |       ||     9
         Steam dragon scal |       |       |    38 |   223 |   144 ||   405
         Skin              |       |       |       |       |    10 ||    10
         Swamp dragon scal |       |       |       |       |    16 ||    16
  Dodge: Dodged            |    10 |    52 |   157 |   469 |   347 ||  1035
  Block: Buckler           |       |       |       |   133 |   214 ||   347
